 Dungeon Crawl Stone Soup version 0.31-a0-667-g39726597b9 (webtiles) character file.

Game seed: 13246664414035644562

2 Bravepunisher the Ducker (level 1, 0/11 HPs)
             Began as a Spriggan Monk on Sept 4, 2023.
             Slain by a hound zombie (2 damage)
             ... on level 4 of the Dungeon.
             The game lasted 00:01:25 (335 turns).

Bravepunisher the Ducker (Spriggan Monk)             Turns: 335, Time: 00:01:26

Health: 0/11       AC:  2    Str:  7    XL:     1   Next: 33%
Magic:  2/2        EV: 19    Int: 11    God:
Gold:   1          SH:  0    Dex: 17    Spells: 0/0 levels left

rFire   . . .        a - +0 short sword
rCold   . . .        d - orb {light}
rNeg    . . .        b - +0 robe
rPois   .            (helmet restricted)
rElec   .            (no cloak)
rCorr   .            (gloves unavailable)
SInv    +            (boots unavailable)
Will    .....        (no amulet)
Stlth   +            (no ring)
HPRegen 0.21/turn    (no ring)
MPRegen 0.08/turn

%: no passive effects
@: glowing, very quick
A: very small, no large weapons, unfitting armour, see invisible, speed 3
a: no special abilities


You were on level 4 of the Dungeon.
You visited 1 branch of the dungeon, and saw 4 of its levels.

You collected 1 gold pieces.

Inventory:

Hand Weapons
 a - a +0 short sword (weapon)
Armour
 b - a +0 robe (worn)
 d - an orb of light (worn)
Scrolls
 f - a scroll of poison {unknown}
Potions
 c - a potion of ambrosia
 e - 3 potions of curing {unknown}


   Skills:
 + Level 2.4 Fighting
 - Level 3.2 Short Blades
 * Level 4.2 Dodging


You couldn't memorise any spells.
You didn't know any spells.
Your spell library was empty.

Dungeon Overview and Level Annotations

Branches:
Dungeon (4/15)
 Temple: D:4-7

Altars:


Innate Abilities, Weirdness & Mutations

You are very small and have problems with some larger weapons.
You are too small for most types of armour.
You have supernaturally acute eyesight. (SInv)
You cover ground extremely quickly. (Speed+++)


Message History

You open the door.
There is an open door here.
You open the door.
A hound zombie comes into view.
The hound zombie bites you. The hound zombie closely misses you.
You open the door.
A necrophage comes into view.
The hound zombie barely misses you. The necrophage barely misses you.
You open the door.
A hound zombie comes into view.
The hound zombie barely misses you.
The hound zombie attacks as it pursues you!
The hound zombie completely misses you.
You open the door.
A howler monkey zombie comes into view.
The hound zombie bites you.
The hound zombie bites you but does no damage.
You hit the hound zombie.
The hound zombie is lightly damaged.
The hound zombie bites you. The hound zombie closely misses you.
The howler monkey zombie closely misses you.
You hit the howler monkey zombie.
The howler monkey zombie is lightly damaged.
The hound zombie closely misses you. The hound zombie misses you.
You hit the hound zombie.
The hound zombie is lightly damaged.
The hound zombie closely misses you. The howler monkey zombie misses you.
The hound zombie closely misses you.
You hit the howler monkey zombie.
The howler monkey zombie is moderately damaged.
The hound zombie bites you but does no damage.
The hound zombie bites you.
* * * LOW HITPOINT WARNING * * *
The howler monkey zombie closely misses you.
You hit the hound zombie.
The hound zombie is lightly damaged.
The hound zombie completely misses you. The hound zombie bites you.
You die... +.'.#....# ##..... #.###...## #...... +.+ #...# #...... #.# #..## ##...... +.+ #.## #....... #.# #..## #....... +n+

#...###.......
###Z####..##........
#.Z@Z.###..#.......#
####### ##.......###
##.....## ##....#
#...## ## ##..# ##.
##.# #.. #.###..
##.###.


You could see a necrophage, 2 hound zombies and a howler monkey zombie.

Vanquished Creatures
  An orc (D:4)
  A bat (D:1)
2 creatures vanquished.

Notes
Turn   | Place    | Note
-------+----------+-------------------------------------------
     0 | D:1      | Bravepunisher the Spriggan Monk began the quest for the
                  | Orb.
     0 | D:1      | Reached XP level 1. HP: 11/11 MP: 2/2
   249 | D:4      | Noticed a phantom
   320 | D:4      | Noticed a necrophage
   335 | D:4      | Slain by a hound zombie

Illustrated notes

Levels and vault maps discovered:
D:1:      saegor_arrival_fortress, layout_loops_corners
D:2:      layout_basic
D:3:      layout_basic, mainiacjoe_overflow_alcove_3
D:4:      layout_cave_pods, lemuel_mausoleum_altar_kikubaaqudgha

Action                     || total
---------------------------++-------
  Melee: Short sword       ||    11
 Armour: Robe              ||     8
  Dodge: Dodged            ||    18

Table legend: (Time is in decaauts)
 A = Elapsed time spent in this place.
 B = Non-inter-level travel time spent in this place.
 C = Inter-level travel time spent in this place.
 D = Time resting spent in this place.
 E = Time spent auto-exploring this place.
 F = Levels seen in this place.
 G = Mean time per level.
                   A        B        C        D        E       F      G
               +--------+--------+--------+--------+--------+-----+--------+
         Total |    211 |    211 |      0 |      0 |    115 |   4 |   52.8 |
       Dungeon |    211 |    211 |      0 |      0 |    115 |   4 |   52.8 |
               +--------+--------+--------+--------+--------+-----+--------+

Top non-repeatable levels by time:
     D:4: 139 daAuts
     D:1: 53 daAuts
     D:3: 12 daAuts
     D:2: 6 daAuts
